 Dungeon Sprint DCSS version 0.20-a0-1058-g0491fde (webtiles) character file.

480 potatolord5000 the Nimble (level 6, -3/82 HPs)
             Began as a Demonspawn Assassin on Apr 26, 2017.
             Was a Follower of Wu Jian.
             Slain by a merfolk
             ... wielding a +0 trident
              (23 damage)
             ... in the Dungeon (Sprint V: "Ziggurat Sprint").
             The game lasted 00:04:15 (341 turns).

potatolord5000 the Nimble (Demonspawn Assassin)      Turns: 341, Time: 00:04:16

Health: -3/82      AC:  6    Str: 16    XL:     6   Next: 86%
Magic:  0/6        EV: 21    Int: 13    God:    Wu Jian [*.....]
Gold:   0          SH:  0    Dex: 28    Spells: 5/5 levels left

rFire    + . .     SeeInvis .   p - +8 lance "Wyrmbane" {slay drac, rPois rF+ rC+ AC+3}
rCold    + + .     Gourm    .   (no shield)
rNeg     . . .     Faith    .   f - +0 robe {rC+}
rPois    +         Spirit   +   (no helmet)
rElec    .         Reflect  .   d - +0 cloak
rCorr    .         Harm     .   (no gloves)
MR       .....     NoTele   +   (no boots)
Stlth    ..........             (no amulet)
Regen    0.3/turn               x - +6 ring of dexterity
MPRegen  0.1/turn               y - +6 ring of dexterity

@: berserking, very quick
A: talons 2, nightstalker 1, magic shield
a: Renounce Religion


You were in the Dungeon.
You worshipped Wu Jian.
Wu Jian was aware of your devotion.
You were not hungry.

You visited 1 branch

Inventory:

Hand Weapons
 p - the +8 lance "Wyrmbane" (weapon) {slay drac, rPois rF+ rC+ AC+3}
   (You found it in the Dungeon)

   It affects your AC (+3).
   It protects you from fire.
   It protects you from cold.
   It protects you from poison.
Armour
 d - a +0 cloak (worn)
 f - a +0 robe of cold resistance (worn)
Jewellery
 x - a +6 ring of dexterity (left hand)
 y - a +6 ring of dexterity (right hand)
Scrolls
 m - 4 scrolls of blinking
 t - 5 scrolls of remove curse
Potions
 a - 2 potions of brilliance
 b - 2 potions of invisibility
 e - 4 potions of resistance
 h - 10 potions of curing
 i - 8 potions of heal wounds
 j - 6 potions of haste
 k - 7 potions of magic
 l - 2 potions of berserk rage
 n - 4 potions of agility
 o - 4 potions of might
Comestibles
 g - 5 bread rations
 v - 42 fruits
 w - 4 meat rations


   Skills:
 + Level 7.0 Fighting
   Level 1.7 Short Blades
 + Level 6.1 Polearms
 - Level 1.7 Throwing
 * Level 8.8 Dodging
 + Level 7.7 Stealth


You had 5 spell levels left.
You didn't know any spells.

Dungeon Overview and Level Annotations

Branches:
Dungeon (1/1)

Altars:
Ashenzari
Cheibriados
Dithmenos
Elyvilon
Fedhas
Gozag
Hepliaklqana
Kikubaaqudgha
Makhleb
Nemelex Xobeh
Okawaru
Qazlal
Ru
Sif Muna
Trog
Uskayaw
Vehumet
Wu Jian
Xom
Yredelemnul
Zin
The Shining One
Beogh
Jiyva
Lugonu

Annotations:
D 1 transporter


Innate Abilities, Weirdness & Mutations

You have razor-sharp toenails.
You are slightly more attuned to the shadows.
When hurt, damage is shared between your health and your magic reserves.


Message History

The merfolk is moderately wounded.
The merfolk barely misses you.
The merfolk throws a tomahawk of dispersal.
The tomahawk of dispersal hits you!
* * * LOW HITPOINT WARNING * * *
You feel a strange sense of stasis.
Attack whom?
Press: ? - help, Dir - move target cursor, f/p - merfolk
Aim: a merfolk, wielding a trident (moderately wounded)
You reach to attack!
You barely miss the merfolk.
The merfolk is moderately wounded.
The merfolk misses you. The merfolk closely misses you.
There isn't anything here!
Attack whom?
Press: ? - help, Dir - move target cursor, f/p - merfolk
Aim: a merfolk, wielding a trident (moderately wounded)
You reach to attack!
You puncture the merfolk!
The merfolk is heavily wounded.
The merfolk hits you from afar with a trident!!
You die...

▓▓▓▓▓▓▓▓▓▓▓▓▓▓▓▓▓▓▓
▓.8©8.▓.8©8.▓.8©8.▓
▓.)::.▓.::).▓.....▓
▓.mmmm▓.....▓.).|.▓
▓.....▓.....▓.....▓
▓..@..▓.....▓..[..▓
▓.....▓.....▓.....▓
▓.....▓.....▓▓▓▓▓▓▓
▓▓▓▓▓▓▓▓▓▓▓▓▓


You could see 4 merfolk.

Vanquished Creatures
  An air elemental (D)
  2 insubstantial wisps (D)
  2 wights (D)
5 creatures vanquished.

Vanquished Creatures (others)
  An azure jelly (D)
  Harold (D)
  Sonja (D)
  Prince Ribbit (D)
  Purgy (D)
5 creatures vanquished.

Grand Total: 10 creatures vanquished

Notes
Turn   | Place    | Note
-------+----------+-------------------------------------------
     0 | D        | potatolord5000 the Demonspawn Assassin began the quest for the Orb.
     0 | D        | Reached XP level 1. HP: 16/16 MP: 1/1
     4 | D        | Found a blossoming altar of Fedhas.
     4 | D        | Killed Purgy
     5 | D        | Found a deep blue altar of Sif Muna.
     5 | D        | Found a sacrificial altar of Ru.
     5 | D        | Found a bloodstained altar of Trog.
     5 | D        | Found a stormy altar of Qazlal.
     5 | D        | Found an iron altar of Okawaru.
     5 | D        | Found a sparkling altar of Nemelex Xobeh.
     7 | D        | Found an ancient bone altar of Kikubaaqudgha.
     7 | D        | Found a viscous altar of Jiyva.
     7 | D        | Found a corrupted altar of Lugonu.
     7 | D        | Found a hazy altar of Hepliaklqana.
     7 | D        | Found a burning altar of Makhleb.
     7 | D        | Found an opulent altar of Gozag.
    27 | D        | Killed Harold
    64 | D        | Reached skill level 4 in Dodging
    64 | D        | Gained mutation: When hurt, damage is shared between your health and your magic reserves. [demonic ancestry]
    64 | D        | Reached XP level 2. HP: 25/25 MP: 2/2
   126 | D        | Became a worshipper of the Wu Jian Council
   127 | D        | Killed an azure jelly
   141 | D        | Entered arena 2.
   141 | D        | Noticed a wight
   141 | D        | Noticed a wight
   145 | D        | Killed a wight
   145 | D        | Reached skill level 5 in Dodging
   145 | D        | Reached skill level 5 in Stealth
   145 | D        | Gained mutation: You have sharp toenails. [demonic ancestry]
   145 | D        | Reached XP level 3. HP: 30/30 MP: 3/3
   147 | D        | Reached XP level 4. HP: 38/38 MP: 4/4
   150 | D        | Killed Sonja
   176 | D        | Entered arena 3.
   176 | D        | Noticed an air elemental
   176 | D        | Noticed an insubstantial wisp
   176 | D        | Noticed an insubstantial wisp
   181 | D        | Killed an air elemental
   181 | D        | Reached * piety under Wu Jian
   181 | D        | Reached skill level 5 in Fighting
   181 | D        | Reached skill level 5 in Polearms
   181 | D        | Reached skill level 7 in Dodging
   181 | D        | Gained mutation: You are slightly more attuned to the shadows. [demonic ancestry]
   181 | D        | Reached XP level 5. HP: 32/46 MP: 3/5
   199 | D        | Killed an insubstantial wisp
   199 | D        | Reached skill level 8 in Dodging
   199 | D        | Gained mutation: You have razor-sharp toenails. [demonic ancestry]
   199 | D        | Reached XP level 6. HP: 33/53 MP: 2/6
   208 | D        | Killed an insubstantial wisp
   246 | D        | Killed Prince Ribbit
   335 | D        | Entered arena 4.
   335 | D        | Noticed a merfolk
   335 | D        | Noticed a merfolk
   335 | D        | Noticed a merfolk
   335 | D        | Noticed a merfolk
   341 | D        | Slain by a merfolk

Vault maps used:
D:        sprint_v

Skill      XL: |  1  2  3  4  5  6 |
---------------+-------------------+-----
Fighting       | 3 4 5 6 7 |  7.0
Polearms       | 2 3 4 5 6 |  6.1
Dodging        | 4 5 7 8 |  8.8
Stealth        | 4 5 6 7 |  7.7
Short Blades   | |  1.7
Throwing       | |  1.7

Action                   |  1- 3 |  4- 6 || total
-------------------------+-------+-------++-------
Melee: Lance             |     4 |    28 ||    32
       Kick              |       |    13 ||    13
  Use: Potion            |     2 |     4 ||     6
 Stab: Sleeping          |     1 |     1 ||     2
Armor: Robe              |       |     2 ||     2
Dodge: Dodged            |     2 |    22 ||    24
